[Event "Late-Titled-Tuesday-Blitz-January-30-2024"]
[Site "Chess.com"]
[Date "2024.01.30"]
[Round "7"]
[White "jinbojinbo"]
[Black "Slovineanu"]
[Result "1-0"]
[WhiteElo "2631"]
[BlackElo "2452"]
[TimeControl "180+1"]
[EndTime "15:16:37 PST"]
[Termination "jinbojinbo won on time"]

1. Nf3 Nf6 2. e3 d5 3. b3 e6 4. Bb2 c5 5. c4 Nc6 6. cxd5 exd5 7. Bb5 Bd6 8. O-O O-O 9. d4 a6 10. Bxc6 bxc6 11. dxc5 Bxc5 12. Qc2 Bd6 13. Qxc6 Bg4 14. Nbd2 Rc8 15. Qxa6 Rc2 16. Bd4 Ne4 17. Qd3 Nxd2 18. Nxd2 Qc7 19. h3 Bh5 20. Nf3 Bxf3 21. gxf3 Rc8 22.
a4 Bb4 23. Qf5 Qd8 24. Kh1 R8c6 25. Rg1 Bf8 26. Rg2 Rd2 27. Rag1 g6 28. Qf4 Bg7 29. Bxg7 Kxg7 30. Qe5+ Kg8 31. b4 Qd7 32. b5 Rcc2 33.
Qg3 Ra2 34. Rb1 Rxa4 35. b6 Qb7 36. Qc7 Qxc7 37. bxc7 Rc4 38. Rb8+ 1-0

[Event "Late-Titled-Tuesday-Blitz-January-30-2024"]
[Site "Chess.com"]
[Date "2024.01.30"]
[Round "7"]
[White "djano"]
[Black "LastHeroJr"]
[Result "1-0"]
[WhiteElo "2623"]
[BlackElo "2486"]
[TimeControl "180+1"]
[EndTime "15:16:40 PST"]
[Termination "djano won on time"]

1. e4 e5 2. Nc3 Nf6 3. d4 exd4 4. Qxd4 Nc6 5. Qd3 Bb4 6. Bd2 O-O 7. O-O-O Re8 8. Qg3 d6 9. f3 Be6 10. Nge2 Ne5 11. Nf4 Bc4 12. h4 Bxf1 13. Rhxf1 Nc4 14. Nfe2 Nxd2 15. Rxd2 Qe7 16. a3 Ba5 17. Rd3 b5 18. Nf4 Bxc3 19. Rxc3 a5 20. h5 b4 21. h6 g6 22. Rd3 bxa3 23. Rxa3 Qe5 24. Ne2 Qb5 25. Re1 a4 26. Qf4 Nd7 27. Nc3 Qb4 28. Qd2 Reb8 29. Nd1 Qc5 30. Qc3 Qxc3 31. Nxc3 Nc5 32. Nd5 Rb7 33. e5 Kf8 34. Nf6 Ke7 35. Nxh7 Rh8 36.
exd6+ Kxd6 37. Ng5 f6 38. Nf7+ Kd7 39. Nxh8 1-0

[Event "Late-Titled-Tuesday-Blitz-January-30-2024"]
[Site "Chess.com"]
[Date "2024.01.30"]
[Round "7"]
[White "Flaccidmoves"]
[Black "BestestBP"]
[Result "1-0"]
[WhiteElo "2451"]
[BlackElo "2264"]
[TimeControl "180+1"]
[EndTime "15:16:41 PST"]
[Termination "Flaccidmoves won on time"]

1. e4 e5 2. Bc4 Nf6 3. d3 c6 4. Nc3 d5 5. Bb3 Bb4 6. Bd2 O-O 7. Nge2 Bg4 8. f3 Bh5 9. O-O Qb6+ 10. Kh1 Rd8 11. Ng3 Bg6 12. Qe2 Na6 13. exd5 Nxd5 14.
Qxe5 Bd6 15. Qg5 Nab4 16. a3 Nxc3 17. Bxc3 Nd5 18. Bd2 h6 19. Qg4 Kh7 20. Rae1 Nf6 21.
Qh4 Re8 22. Bxh6 gxh6 23. Qxf6 Rxe1 24. Rxe1 Bxg3 25. hxg3 Qf2 26. Qe5 Rd8 27. Re2 Qf1+ 28. Kh2 Qc1 29. Qf6 Rf8 30. Re7 Qg5 31. Qxg5 hxg5 32.
Rxb7 a5 33. Rc7 Rb8 34. Rxc6 a4 35. Bxa4 Rxb2 36. Bb3 Rb1 37. a4 Ra1 38. d4 Kg7 39. d5 g4 40. fxg4 1-0

[Event "Late-Titled-Tuesday-Blitz-January-30-2024"]
[Site "Chess.com"]
[Date "2024.01.30"]
[Round "7"]
[White "jefferyx"]
[Black "Elsa167"]
[Result "0-1"]
[WhiteElo "3008"]
[BlackElo "2893"]
[TimeControl "180+1"]
[EndTime "15:16:44 PST"]
[Termination "Elsa167 won by resignation"]

1. e4 e6 2. d4 d5 3. e5 c5 4. c3 Nc6 5. Nf3 Qb6 6. Be2 Bd7 7. O-O Rc8 8. a3 cxd4 9. cxd4 Na5 10. Nbd2 Bb5 11.
b4 Bxe2 12. Qxe2 Nc6 13. Nb3 Nge7 14. Qd3 a6 15. Bd2 Nf5 16. g4 Nfe7 17. Rfc1 h5 18. h3 hxg4 19. hxg4 Ng6 20. Rc2 Be7 21. Rac1 Kd7 22. Kg2 Nh4+ 23. Nxh4 Rxh4 24. Qf3 Rch8 25. Bf4 Qb5 26. Bg3 Rh3 27. Qxf7 Kd8 28. Qxe6 Qd3 29. Qxd5+ Ke8 30. Qf3 Rh2+ 31. Bxh2 Rxh2+ 32. Kxh2 Qxf3 0-1

[Event "Late-Titled-Tuesday-Blitz-January-30-2024"]
[Site "Chess.com"]
[Date "2024.01.30"]
[Round "7"]
[White "shirovin"]
[Black "GoValya"]
[Result "1-0"]
[WhiteElo "2064"]
[BlackElo "2278"]
[TimeControl "180+1"]
[EndTime "15:16:44 PST"]
[Termination "shirovin won on time"]

1. e4 e6 2. d3 d5 3. Nd2 b6 4. Ngf3 Bb7 5. g3 Nf6 6. Qe2 Be7 7. Bg2 O-O 8. O-O c5 9. e5 Nfd7 10. c4 d4 11. Ne4 h6 12. h4 Nc6 13. Bf4 f6 14. exf6 Nxf6 15. Nxf6+ Rxf6 16. Ne5 Rc8 17. Ng4 Rxf4 18. gxf4 Qd7 19. Ne5 Nxe5 20. fxe5 Rf8 21. f4 Bxh4 22. Bxb7 Qxb7 23. Qg4 Qe7 24. f5 Bg5 25. fxe6 Be3+ 26. Kg2 Qb7+ 27. Kh2 Rxf1 28. Rxf1 Qc7 29. Qf5 Qd8 30. Qf7+ Kh7 31. e7 1-0

[Event "Late-Titled-Tuesday-Blitz-January-30-2024"]
[Site "Chess.com"]
[Date "2024.01.30"]
[Round "7"]
[White "ninguno46"]
[Black "JCVanDamme10"]
[Result "1-0"]
[WhiteElo "2509"]
[BlackElo "2307"]
[TimeControl "180+1"]
[EndTime "15:16:45 PST"]
[Termination "ninguno46 won on time"]

1. e4 c5 2. Nc3 Nc6 3. f4 g6 4. Nf3 Bg7 5. Bb5 Nd4 6. O-O a6 7. Bd3 e6 8. Nxd4 cxd4 9. Ne2 Ne7 10. f5 Be5 11. c3 d5 12. fxe6 Bxe6 13. cxd4 dxe4 14.
Bxe4 Bxd4+ 15. Kh1 O-O 16. Nxd4 Qxd4 17. d3 f5 18.
Bxb7 Ra7 19. Qe1 Qf6 20. Bg5 Qf7 21. Bf3 Nd5 22. Bh6 Re8 23. Qe5 Nf6 24. Bg5 Kg7 25. Rae1 h6 26. Be3 Rd7 27. Bd4 Rxd4 28. Qxd4 Bxa2 29. Bc6 Rxe1 30. Rxe1 Be6 31. Qd6 1-0

[Event "Late-Titled-Tuesday-Blitz-January-30-2024"]
[Site "Chess.com"]
[Date "2024.01.30"]
[Round "7"]
[White "ChEsper99"]
[Black "Inepton_Fermion"]
[Result "1-0"]
[WhiteElo "2174"]
[BlackElo "2376"]
[TimeControl "180+1"]
[EndTime "15:16:45 PST"]
[Termination "ChEsper99 won on time"]

1. e4 g6 2. d4 Bg7 3. Nc3 d5 4. exd5 Nf6 5. Bc4 Nbd7 6. Nf3 Nb6 7. Bb5+ Bd7 8. Bxd7+ Qxd7 9. O-O Nfxd5 10. Nxd5 Qxd5 11. b3 O-O-O 12. c4 Qf5 13. Bb2 e5 14. d5 c6 15.
Qb1 Qxb1 16. Raxb1 cxd5 17. Bxe5 Bxe5 18. Nxe5 Rhf8 19.
Rbc1 dxc4 20. Nxc4 Nxc4 21. Rxc4+ Kb8 22. Rfc1 Rd2 23. R4c2 Rfd8 24. Kf1 b6 25. Ke1 Rxc2 26. Rxc2 Kb7 27. Ke2 Rd5 28. Ke3 a5 29. Ke4 Rd6 30. g4 f6 31. f4 Re6+ 32. Kd5 Re3 33. Kd4 Re1 34. Kd5 Re2 35. Rxe2 1-0

[Event "Late-Titled-Tuesday-Blitz-January-30-2024"]
[Site "Chess.com"]
[Date "2024.01.30"]
[Round "7"]
[White "RodokininEV"]
[Black "el008"]
[Result "0-1"]
[WhiteElo "2631"]
[BlackElo "2512"]
[TimeControl "180+1"]
[EndTime "15:16:46 PST"]
[Termination "el008 won by resignation"]

1. e4 b6 2. d4 Bb7 3. Bd3 e6 4. Nf3 c5 5. c3 Nf6 6. Qe2 d5 7.
Nbd2 cxd4 8. cxd4 dxe4 9. Nxe4 Nxe4 10. Bxe4 Bxe4 11. Qxe4 Qd5 12. Qxd5 exd5 13. Bf4 f6 14. O-O-O Kd7 15. Rhe1 Nc6 16. a3 Be7 17. h4 h5 18.
Kc2 Rac8 19. Kd3 Na5 20. Bd2 Nc4 21. Bc3 Nd6 22. g3 Ne4 23. Re2 Rc7 24. Rde1 Bxa3 25. Rxe4 dxe4+ 26. Rxe4 Bd6 27. Re2 Re8 28. Rxe8 Kxe8 29.
d5 b5 30. Nd4 Rc5 31. Ke4 Be5 32. Ne6 Rc4+ 33. Kd3 Bxc3 34. bxc3 g6 35. Nd4 Rc5 36. Ke4 a5 37. Nb3 Rc4+ 38. Kd3 a4 39. Na1 a3 40. Nb3 Kd7 41. f4 Kd6 42. Kc2 Kxd5 43. Nc1 Ke4 44. Kb3 Kf3 45. Nd3 a2 46. Kxa2 Rxc3 47. Nb4 Kxg3 48.
Nd5 Rc6 49. Ne7 Ra6+ 50. Kb3 f5 51. Nd5 Kxh4 0-1

[Event "Late-Titled-Tuesday-Blitz-January-30-2024"]
[Site "Chess.com"]
[Date "2024.01.30"]
[Round "7"]
[White "KorolDimitriy75"]
[Black "PNEPaul"]
[Result "1-0"]
[WhiteElo "2367"]
[BlackElo "1863"]
[TimeControl "180+1"]
[EndTime "15:16:46 PST"]
[Termination "KorolDimitriy75 won by resignation"]

1. d4 Nf6 2. c4 c5 3. d5 Ne4 4. Qd3 Qa5+ 5. Nd2 Nf6 6. e4 d6 7.
Nf3 g6 8. h3 Bg7 9. Qc2 Na6 10.
a3 O-O 11. Be2 h6 12. O-O e5 13. Ne1 Bd7 14. Nd3 Qd8 15. b4 b6 16. Rb1 Qc8 17.
Kh2 Nxe4 18. Nxe4 f5 19. Nxd6 Qc7 20. Nb5 Bxb5 21. cxb5 e4+ 22. Nf4 g5 23. bxa6 gxf4 24. f3 Rae8 25. Bb2 Re7 26. bxc5 bxc5 27. Qc4 Qd6 28.
Bxg7 Rxg7 29. Rb7 Rff7 30. Rxf7 Rxf7 31. Rb1 Rd7 32. Rb7 Kg7 33. Rxd7+ Qxd7 34. Qxc5 1-0

[Event "Late-Titled-Tuesday-Blitz-January-30-2024"]
[Site "Chess.com"]
[Date "2024.01.30"]
[Round "7"]
[White "Akhayan"]
[Black "HajiyevKanan"]
[Result "0-1"]
[WhiteElo "2351"]
[BlackElo "2562"]
[TimeControl "180+1"]
[EndTime "15:16:48 PST"]
[Termination "HajiyevKanan won by resignation"]

1. e4 c6 2. Nf3 d5 3. e5 c5 4. d4 Nc6 5. c4 Bg4 6. cxd5 Qxd5 7.
Nc3 Bxf3 8. gxf3 Qxd4 9. Be3 Qxe5 10. f4 Qc7 11. Nd5 Qa5+ 12. Bd2 Qd8 13. Bg2 e6 14. Ne3 Nf6 15. O-O Bd6 16. Nc4 O-O 17. Nxd6 Qxd6 18. Be3 Nd5 19. Rc1 b6 20. f5 Rad8 21. fxe6 fxe6 22. Qg4 Ne5 23. Qe4 Nf6 24. Qh4 Ng6 25.
Qc4 Nd5 26. Bg5 Rd7 27. Rcd1 h6 28. Bc1 Ngf4 29. Be4 Qe5 30. Kh1 Rdf7 31. Rg1 Nh3 32.
Rg2 Nxf2+ 33. Rxf2 Rxf2 0-1

[Event "Late-Titled-Tuesday-Blitz-January-30-2024"]
[Site "Chess.com"]
[Date "2024.01.30"]
[Round "7"]
[White "Narek_Ghimoyan"]
[Black "tarno17"]
[Result "1-0"]
[WhiteElo "2378"]
[BlackElo "2100"]
[TimeControl "180+1"]
[EndTime "15:16:49 PST"]
[Termination "Narek_Ghimoyan won on time"]

1. d4 d5 2. c4 e6 3. Nc3 Nf6 4. Nf3 Be7 5. Bf4 c6 6. e3 O-O 7. Qc2 b6 8. cxd5 exd5 9. Bd3 Bb7 10. O-O Ba6 11. Bxa6 Nxa6 12. Qa4 Nb4 13. a3 b5 14. Qd1 Na6 15. Rc1 Rc8 16. b4 Nc7 17. Ne5 Ne6 18. Bg5 h6 19. Bxf6 Bxf6 20. Nd3 a5 21. Qb3 Be7 22.
Rc2 Bd6 23. Rfc1 a4 24. Qb2 Qh4 25. g3 Qh5 26. Nxb5 cxb5 27. Rxc8 Rxc8 28. Rxc8+ Kh7 29. Qc2 g6 30. Rc6 Bf8 31. Rxe6 fxe6 32. Qc7+ Bg7 33. Nf4 Qd1+ 34. Kg2 Qg4 35. f3 Qf5 36. g4 Qf6 37.
Qd7 h5 38. Nxe6 hxg4 39. fxg4 Kh6 40. g5+ 1-0

[Event "Late-Titled-Tuesday-Blitz-January-30-2024"]
[Site "Chess.com"]
[Date "2024.01.30"]
[Round "7"]
[White "Polish_fighter3000"]
[Black "tptagain"]
[Result "1-0"]
[WhiteElo "3045"]
[BlackElo "2908"]
[TimeControl "180+1"]
[EndTime "15:16:50 PST"]
[Termination "Polish_fighter3000 won on time"]

1. e4 c6 2. d4 d5 3. e5 Bf5 4.
Nf3 e6 5. Be2 Nd7 6. O-O a5 7.
Re1 a4 8. c3 h6 9. Nbd2 Ne7 10.
Nf1 c5 11. Ng3 Bg4 12. h3 Bxf3 13. Bxf3 cxd4 14. cxd4 Nc6 15. Be3 Bb4 16. Re2 g6 17. Rc2 Kf8 18. Ne2 Kg7 19. Nf4 a3 20. Rb1 Nb6 21.
bxa3 Bxa3 22. Be2 Nb4 23. Rc3 Nxa2 24. Rcb3 Na4 25. Nxe6+ fxe6 26. Rxb7+ Be7 27. Bd3 N2c3 28. Qg4 Ne4 29. Qxe6 Re8 30. Rd7 1-0

[Event "Late-Titled-Tuesday-Blitz-January-30-2024"]
[Site "Chess.com"]
[Date "2024.01.30"]
[Round "7"]
[White "IngOscarArdila"]
[Black "kikoveiga"]
[Result "0-1"]
[WhiteElo "2316"]
[BlackElo "2516"]
[TimeControl "180+1"]
[EndTime "15:16:50 PST"]
[Termination "kikoveiga won on time"]

1. d4 Nf6 2. c4 e6 3. Nc3 Bb4 4. Qc2 Nc6 5. Nf3 d5 6. Bg5 h6 7.
Bxf6 Qxf6 8. e3 O-O 9. a3 Bxc3+ 10.
Qxc3 Re8 11. Be2 dxc4 12. Bxc4 e5 13. dxe5 Nxe5 14. Nxe5 Rxe5 15. f4 Re4 16. Qxf6 gxf6 17. Rc1 Rxe3+ 18. Kf2 Re7 19. Rhe1 Rxe1 20. Rxe1 Kf8 21.
Rc1 Bd7 22. Bd5 c6 23. Be4 Re8 24. Bf3 Bf5 25. Rd1 Ke7 26. g4 Be6 27. f5 Bc8 28. Re1+ Kd8 29. Rd1+ Kc7 30. h3 b6 31. Rc1 Bd7 32. Kg3 Re3 33. Kf4 Rb3 34.
Rc2 c5 35. h4 Bc6 36. Bxc6 Kxc6 37. g5 fxg5+ 38. hxg5 hxg5+ 39. Kxg5 Rf3 40. Kf6 a5 41. Re2 c4 42. Re7 Rf2 43. Rxf7 Rxb2 44. Rf8 Rf2 45.
Rc8+ Kb5 46. Ke6 Ka4 47. f6 b5 48. Rb8 b4 49. axb4 axb4 50. f7 c3 51. f8=Q Rxf8 52.
Rxf8 c2 53. Kd5 c1=Q 0-1

[Event "Late-Titled-Tuesday-Blitz-January-30-2024"]
[Site "Chess.com"]
[Date "2024.01.30"]
[Round "7"]
[White "JaackCamel"]
[Black "ccccvhhhj"]
[Result "0-1"]
[WhiteElo "2159"]
[BlackElo "2419"]
[TimeControl "180+1"]
[EndTime "15:16:52 PST"]
[Termination "ccccvhhhj won by resignation"]

1. d4 e5 2. dxe5 d6 3. Nf3 Bg4 4. Bf4 Nc6 5. exd6 Qf6 6. e3 O-O-O 7. Nbd2 Bxd6 8. Bxd6 Rxd6 9. Bd3 h5 10. Ne4 Qe7 11. Nxd6+ Qxd6 12. h3 Be6 13. c3 Nf6 14. Nd4 Bd5 15. f3 Re8 16. Qd2 Qg3+ 17. Kd1 Rd8 18. Kc2 Ne5 19. Bf5+ Kb8 20. b3 c5 21. e4 cxd4 22. exd5 dxc3 23. Qe2 Nxd5 24. a3 Qf4 25. Be4 Ne3+ 26. Kxc3 f5 27. g3 Qg5 28. Rhg1 fxe4 29. f4 Qf6 30. fxe5 Qxe5+ 31. Kb4 Rd4+ 32.
Kc3 Rd3+ 33. Kb4 Qd4+ 34. Ka5 b6+ 0-1

[Event "Late-Titled-Tuesday-Blitz-January-30-2024"]
[Site "Chess.com"]
[Date "2024.01.30"]
[Round "7"]
[White "AndreyNeves"]
[Black "Rawnsdale"]
[Result "0-1"]
[WhiteElo "2089"]
[BlackElo "2529"]
[TimeControl "180+1"]
[EndTime "15:16:53 PST"]
[Termination "Rawnsdale won by resignation"]

1. d4 d5 2. c4 e6 3. Nc3 Be7 4. Nf3 Nf6 5. Bf4 O-O 6. e3 c5 7.
Be2 Nc6 8. O-O dxc4 9. Bxc4 Qa5 10. Qe2 cxd4 11. exd4 Qf5 12. Bg3 Rd8 13. Rad1 Bd7 14. Ne5 Nxe5 15. dxe5 Nh5 16. Bd3 Nxg3 17. hxg3 Qg5 18.
Qe4 g6 19. Qf4 Qxf4 20. gxf4 Bc6 21. Be4 Rac8 22. Bxc6 Rxc6 23. Rxd8+ Bxd8 24. Rd1 Bb6 25. Rd7 Rc4 26. g3 h5 27. Rxb7 h4 28. Kg2 Rd4 29.
Kf3 h3 30. Rb8+ Kg7 31. Rc8 Rd3+ 32. Ke2 h2 33. Ne4 h1=Q 34. Kxd3 Qf3+ 0-1

[Event "Late-Titled-Tuesday-Blitz-January-30-2024"]
[Site "Chess.com"]
[Date "2024.01.30"]
[Round "7"]
[White "TanitoluwaAps116"]
[Black "OparinGrigoriy"]
[Result "1/2-1/2"]
[WhiteElo "2721"]
[BlackElo "2965"]
[TimeControl "180+1"]
[EndTime "15:16:58 PST"]
[Termination "Game drawn by repetition"]

1. e4 c6 2. d4 d5 3. e5 Bf5 4. Nf3 e6 5. Be2 Nd7 6. O-O Ne7 7. Nh4 Bg6 8. c3 c5 9. Be3 Nf5 10. Nxf5 Bxf5 11. Nd2 Qc7 12. g4 Bg6 13. f4 f5 14.
exf6 Nxf6 15. Bb5+ Kd8 16. Nf3 a6 17. Ng5 Qe7 18. Qa4 h6 19. Qa5+ Kc8 20. Nf3 Nxg4 21. Rae1 Qc7 22. Qa4 Kb8 23. Be8 b5 24. Bxb5 axb5 25.
Qxb5+ Qb7 26. Qe2 Nxe3 27. Qxe3 Bf5 28. dxc5 Rxa2 29. b4 Qc7 30. Ra1 Rxa1 31. Rxa1 Be7 32. Qe2 Qb7 33. Ra6 Kc8 34. Ne5 Bf6 35. Rb6 Qa7 36.
Ra6 Qb7 37. Rb6 Qa7 38. Ra6 Qb7 1/2-1/2

[Event "Late-Titled-Tuesday-Blitz-January-30-2024"]
[Site "Chess.com"]
[Date "2024.01.30"]
[Round "7"]
[White "brm72"]
[Black "ural58"]
[Result "1-0"]
[WhiteElo "2694"]
[BlackElo "2469"]
[TimeControl "180+1"]
[EndTime "15:16:58 PST"]
[Termination "brm72 won by resignation"]

1. e4 d5 2. exd5 Qxd5 3. Nc3 Qa5 4. d4 Nf6 5. Nf3 Nc6 6. Bb5 Ne4 7. Rb1 Nxc3 8. bxc3 a6 9. Bxc6+ bxc6 10. O-O Bg4 11. h3 Bh5 12. g4 Bg6 13. Ne5 e6 14. f4 Bd6 15. f5 exf5 16. gxf5 Bxe5 17. dxe5 Qxc3 18.
Rf3 Qc5+ 19. Be3 Qxe5 20. fxg6 hxg6 21. Bf4 Qc5+ 22. Kg2 O-O 23. Bxc7 Rfe8 24. Bg3 Rad8 25. Rd3 Qg5 26. Rb7 c5 27. Rxd8 Rxd8 28. Qxd8+ Qxd8 29. Rb8 Qxb8 30. Bxb8 c4 31. Kf3 1-0

[Event "Late-Titled-Tuesday-Blitz-January-30-2024"]
[Site "Chess.com"]
[Date "2024.01.30"]
[Round "7"]
[White "GothamChess"]
[Black "GlavkonVVS"]
[Result "1-0"]
[WhiteElo "2744"]
[BlackElo "2576"]
[TimeControl "180+1"]
[EndTime "15:16:59 PST"]
[Termination "GothamChess won by resignation"]

1. e4 Nf6 2. e5 Nd5 3. c4 Nb6 4. a4 a5 5. Ra3 d6 6. exd6 cxd6 7.
Rg3 g6 8. h4 h5 9. Nc3 Bg7 10.
Nh3 Nc6 11. b3 O-O 12. Nf4 Bg4 13. Be2 e5 14. Nfd5 Bxe2 15. Qxe2 Nd4 16. Qd1 Nxd5 17.
Nxd5 Nf5 18. Rg5 Re8 19. g4 hxg4 20. Qxg4 Nh6 21. Qg2 Re6 22. h5 Kh7 23. d3 Rc8 24. hxg6+ Rxg6 25. Rxg6 fxg6 26. Bxh6 Bxh6 27. Qh3 Qf8 28.
Qd7+ Kh8 29. Nf6 1-0

[Event "Late-Titled-Tuesday-Blitz-January-30-2024"]
[Site "Chess.com"]
[Date "2024.01.30"]
[Round "7"]
[White "jinxy2009"]
[Black "Defend1r"]
[Result "0-1"]
[WhiteElo "2236"]
[BlackElo "2534"]
[TimeControl "180+1"]
[EndTime "15:16:59 PST"]
[Termination "Defend1r won by resignation"]

1. e4 c5 2. Nf3 d6 3. d4 cxd4 4. Nxd4 Nf6 5. Nc3 a6 6. Be3 e5 7. Nb3 Be7 8. f3 Be6 9. Qd2 O-O 10. O-O-O Nbd7 11. g4 b5 12. g5 Nh5 13. Nd5 Bxd5 14.
exd5 f6 15. gxf6 Bxf6 16. Bh3 Nb6 17. Be6+ Kh8 18. Qg2 Nc4 19. Bd2 Nf4 20. Bxf4 exf4 21.
c3 b4 22. Nd4 Qa5 23. Bf5 bxc3 24. b3 Qa3+ 25. Kb1 Ne3 26. Qe2 Rac8 27. Rc1 Bxd4 0-1

[Event "Late-Titled-Tuesday-Blitz-January-30-2024"]
[Site "Chess.com"]
[Date "2024.01.30"]
[Round "7"]
[White "GaiozNigalidze"]
[Black "MrTattaglia"]
[Result "0-1"]
[WhiteElo "2699"]
[BlackElo "2956"]
[TimeControl "180+1"]
[EndTime "15:17:01 PST"]
[Termination "MrTattaglia won on time"]

1. d4 Nf6 2. c4 e6 3. Nf3 c5 4.
e3 cxd4 5. exd4 d5 6. Nc3 Be7 7.
cxd5 Nxd5 8. Bd3 O-O 9. O-O Nc6 10. Re1 Nf6 11. Bg5 h6 12. Bh4 Nb4 13. Bb1 Nbd5 14. Qd3 Nf4 15. Qd2 N6d5 16. Nxd5 Nxd5 17. Qd3 g6 18. Bg3 Bf6 19. Ne5 Bg7 20. h4 h5 21.
Nxg6 fxg6 22. Qxg6 Rf7 23. Qxh5 Nf4 24. Qh7+ Kf8 25.
Bxf4 Rxf4 26. g3 Rf6 27. Qe4 Bd7 28. d5 exd5 29. Qxd5 Bc6 30. Qc5+ Kg8 31. Bc2 Qb6 32. Bb3+ Kh8 33. Qxb6 axb6 34. Rad1 Raf8 35. Rd2 Rf3 36. Re6 R3f5 37. Bd1 Rc5 38. Kh2 Rc1 39. f4 Kg8 40.
Red6 Re8 41. h5 Re1 42. g4 Bf8 43. Rd8 Kf7 44. g5 Bb4 45. R2d3 Rh1+ 46. Kg3 Be1+ 47. Kg4 Rg1+ 48. Kf5 Rc5+ 0-1

[Event "Late-Titled-Tuesday-Blitz-January-30-2024"]
[Site "Chess.com"]
[Date "2024.01.30"]
[Round "7"]
[White "sansanathalia"]
[Black "igorknyazev"]
[Result "1-0"]
[WhiteElo "2401"]
[BlackElo "2143"]
[TimeControl "180+1"]
[EndTime "15:17:01 PST"]
[Termination "sansanathalia won by checkmate"]

1. d4 Nf6 2. Nd2 d5 3. Ngf3 g6 4. e3 Bg7 5. Be2 O-O 6. O-O b6 7. b3 c5 8. Bb2 Ba6 9. Bxa6 Nxa6 10. Qe2 Nb4 11. c4 cxd4 12. exd4 Rc8 13. a3 Nc6 14. Rfd1 Re8 15. Ne5 Qd6 16. Ndf3 Ne4 17. cxd5 Qxd5 18. Nxf7 Kxf7 19. Qxe4 Qxb3 20. Ng5+ Kg8 21.
d5 Bxb2 22. Rd3 Qxd3 23. Qxd3 Bxa1 24. dxc6 Bf6 25. Qd5+ Kg7 26. Ne6+ Kh8 27. c7 h5 28. g3 Kh7 29. Nd8 Bg7 30. Qd7 Rxc7 31. Qxc7 a5 32.
Qd7 Rf8 33. Qxe7 Rf6 34. Ne6 Kh6 35. Qxg7# 1-0

[Event "Late-Titled-Tuesday-Blitz-January-30-2024"]
[Site "Chess.com"]
[Date "2024.01.30"]
[Round "7"]
[White "Sokoloco"]
[Black "Sanan_Sjugirov"]
[Result "1-0"]
[WhiteElo "2773"]
[BlackElo "2968"]
[TimeControl "180+1"]
[EndTime "15:17:03 PST"]
[Termination "Sokoloco won on time"]

1. b3 d5 2. Nf3 Bg4 3. d4 Bxf3 4. exf3 e6 5. g3 Nd7 6. Bg2 g6 7. O-O Bg7 8. f4 Ne7 9. Bb2 c5 10. Nd2 O-O 11. Nf3 Nc6 12. Rb1 Rc8 13. dxc5 Bxb2 14.
Rxb2 Nxc5 15. Ne5 Nxe5 16. fxe5 Qc7 17. Qd4 b6 18. Re1 Rfd8 19. h4 Nd7 20. Re3 Qc5 21.
Qf4 d4 22. Re2 Qa3 23. Rb1 Qxa2 24. Rd1 Nc5 25. h5 d3 26. h6 dxe2 27. Rxd8+ Rxd8 28. Qf6 Rd1+ 29. Kh2 Kf8 30. Bc6 Rh1+ 31. Kg2 Rg1+ 32. Kh3 Rh1+ 33. Kg4 1-0

[Event "Late-Titled-Tuesday-Blitz-January-30-2024"]
[Site "Chess.com"]
[Date "2024.01.30"]
[Round "7"]
[White "DeArron_Fox"]
[Black "Doomfist26"]
[Result "0-1"]
[WhiteElo "2485"]
[BlackElo "2615"]
[TimeControl "180+1"]
[EndTime "15:17:03 PST"]
[Termination "Doomfist26 won by checkmate"]

1. d4 Nf6 2. c4 c5 3. d5 b5 4.
cxb5 a6 5. bxa6 g6 6. Nc3 Bg7 7. e4 Bxa6 8. Nf3 d6 9. Bxa6 Nxa6 10. O-O O-O 11. Nd2 Qc7 12. a4 Rfb8 13. Nb5 Qd8 14. Re1 Nb4 15. Nc4 Rxb5 16. e5 dxe5 17. Nxe5 Qxd5 18. Be3 Rbb8 19. Qxd5 Nfxd5 20. Bxc5 Nc2 21. Red1 Nxa1 22. Rxd5 Bxe5 23. Rxe5 Rxb2 24. h4 Rb7 25. h5 h6 26. hxg6 fxg6 27. Re6 Kf7 28. Rc6 Nb3 29. Be3 Na5 30. Rc3 g5 31. Bd4 Rd7 32. Rf3+ Kg6 33. Bc3 Nc6 34. a5 Nxa5 35. Re3 Nc4 36. Re6+ Kh7 37. g3 Nd6 38. Kg2 Nf5 39. Be5 Ng7 40. Rc6 Rd5 41. Bc3 e5 42.
Rc7 Ra3 43. f4 gxf4 44. gxf4 Rxc3 45. Rxc3 exf4 46. Kf3 Rf5 47. Ke4 f3 48. Rxf3 Rxf3 49. Kxf3 Kg6 50. Kg4 h5+ 51. Kh4 Nf5+ 52. Kh3 Kg5 53.
Kh2 Kg4 54. Kg2 h4 55. Kh2 h3 56. Kh1 Kg3 57. Kg1 Ne3 58. Kh1 Ng4 59. Kg1 h2+ 60. Kh1 Nf2# 0-1

[Event "Late-Titled-Tuesday-Blitz-January-30-2024"]
[Site "Chess.com"]
[Date "2024.01.30"]
[Round "7"]
[White "Tomytoteph"]
[Black "Binary010"]
[Result "0-1"]
[WhiteElo "2613"]
[BlackElo "2896"]
[TimeControl "180+1"]
[EndTime "15:17:04 PST"]
[Termination "Binary010 won by resignation"]

1. e4 c5 2. Nf3 d6 3. d4 cxd4 4. Nxd4 Nf6 5. Nc3 a6 6. Bc4 e6 7. Bg5 Be7 8. Qf3 Qc7 9. Bb3 Nbd7 10. O-O-O O-O 11. Kb1 Nc5 12. Rhe1 b5 13. a3 Bb7 14. h4 Rac8 15. Bc1 d5 16. e5 Nfe4 17. Nxe4 dxe4 18.
Qg3 Rfd8 19. f4 Nxb3 20. cxb3 Bc5 21. Nc2 Rxd1 22. Rxd1 e3 23. Ka2 e2 24. Rd2 Bd5 25. Rxe2 a5 26. Kb1 a4 27. b4 Bxb4 28. axb4 Qc4 0-1

[Event "Late-Titled-Tuesday-Blitz-January-30-2024"]
[Site "Chess.com"]
[Date "2024.01.30"]
[Round "7"]
[White "Doudou2015"]
[Black "otrov-11"]
[Result "0-1"]
[WhiteElo "2191"]
[BlackElo "2477"]
[TimeControl "180+1"]
[EndTime "15:17:06 PST"]
[Termination "otrov-11 won by resignation"]

1. b3 g6 2. Bb2 Nf6 3. Bxf6 exf6 4. c4 Bg7 5. Nc3 O-O 6. g3 f5 7. Bg2 d6 8. e3 Nd7 9. Nge2 Nf6 10. O-O h5 11. d4 c6 12. a4 a5 13. Rc1 Re8 14. Qc2 Be6 15. d5 cxd5 16. Nxd5 Nxd5 17. cxd5 Bd7 18. Qc7 Qe7 19. Qxb7 Reb8 20. Qc7 Rxb3 21. Rc4 Bf6 22. Rfc1 Rb4 23. Nd4 Bxa4 24. Rxb4 Qxc7 25. Rxc7 axb4 26. Nc6 b3 27. Rb7 b2 28. Nd4 Bxd4 29. exd4 Bb5 30. Rxb5 Ra1+ 31. Bf1 b1=Q 32. Rxb1 Rxb1 33. Kg2 Rd1 34. Bb5 Rxd4 35. Bc6 Kg7 36. Kf3 Kf6 37. Ke3 Rb4 38. Kf3 Ke5 39. Be8 Rb7 40.
Bc6 Rb3+ 41. Ke2 f6 42. f4+ Ke4 43. Kf2 Rb2+ 44. Kg1 g5 45. fxg5 fxg5 46. h4 gxh4 47. gxh4 f4 0-1

[Event "Late-Titled-Tuesday-Blitz-January-30-2024"]
[Site "Chess.com"]
[Date "2024.01.30"]
[Round "7"]
[White "Gryffindorac8"]
[Black "BeardedNM"]
[Result "1-0"]
[WhiteElo "2385"]
[BlackElo "2179"]
[TimeControl "180+1"]
[EndTime "15:17:10 PST"]
[Termination "Gryffindorac8 won on time"]

1. d4 e6 2. c4 Nf6 3. Nf3 d5 4. g3 Be7 5. Bg2 O-O 6. O-O dxc4 7.
Qc2 a6 8. a4 Bd7 9. Qxc4 Bc6 10. Bg5 a5 11. Nc3 Na6 12. Qb3 Nb4 13. Rad1 h6 14.
Bxf6 Bxf6 15. e4 b6 16. d5 exd5 17. exd5 Bb7 18. Nd4 Be7 19. Nc6 Bxc6 20. dxc6 Bd6 21. Nb5 Qf6 22. Nxd6 cxd6 23. Qe3 Qxb2 24. Qxb6 Rac8 25.
Rxd6 Qa3 26. c7 Qxa4 27. Rd8 1-0

[Event "Late-Titled-Tuesday-Blitz-January-30-2024"]
[Site "Chess.com"]
[Date "2024.01.30"]
[Round "7"]
[White "GMAkobianSTL"]
[Black "Nemsko"]
[Result "1-0"]
[WhiteElo "2729"]
[BlackElo "2394"]
[TimeControl "180+1"]
[EndTime "15:17:13 PST"]
[Termination "GMAkobianSTL won by resignation"]

1. d4 Nf6 2. c4 e6 3. Nc3 Bb4 4. e3 d5 5. Bd2 O-O 6. Nf3 a5 7. a3 Bd6 8. c5 Be7 9. b4 b6 10. Bd3 Bb7 11. O-O Ne4 12. Qc2 f5 13. Ne5 Nc6 14.
Nxc6 Bxc6 15. cxb6 Nxd2 16. Qxd2 cxb6 17. Rab1 Bd6 18.
Nb5 Bxb5 19. Bxb5 f4 20. exf4 Bxf4 21. Qe2 Qd6 22. g3 Bg5 23. Rfe1 Rf6 24. bxa5 bxa5 25. a4 Raf8 26. Rf1 g6 27. Rb3 Bh6 28. Rc3 Qb4 29. Rd3 Kh8 30. Kg2 Bg7 31. f4 Rf5 32. Qxe6 Bxd4 33.
Rfd1 Bc3 34. Rxd5 Qb2+ 35. Qe2 Qxe2+ 36. Bxe2 Rxd5 37. Rxd5 Bb4 38. h4 Kg7 39. h5 Rf7 40. Bd3 Rc7 41. Kf3 Kf7 42. h6 Ke7 43. g4 Rc5 44.
Rd4 Rc1 45. g5 Rf1+ 46. Bxf1 1-0